 Dungeon Crawl Stone Soup version 0.31.0-12-g77e489cdc1 (webtiles) character file.

Game seed: 4781505267458436794

959 Rassilon the Apothecary (level 7, -9/50 HPs)
             Began as a Black Draconian Alchemist on Feb 16, 2024.
             Was an Initiate of Sif Muna.
             Mangled by an ice beast (13 damage)
             ... on level 5 of the Dungeon.
             The game lasted 00:21:01 (6110 turns).

Rassilon the Apothecary (Black Draconian Alchemist) Turns: 6110, Time: 00:21:01

Health: -9/50      AC:  6    Str: 10    XL:     7   Next: 92%
Magic:  13/13      EV: 13    Int: 17    God:    Sif Muna [......]
Gold:   277        SH:  0    Dex: 12    Spells: 2/15 levels left

rFire   . . .        i - +2 dagger (pain)
rCold   . . .        (no shield)
rNeg    + . .        (body armour unavailable)
rPois   .            (helmet restricted)
rElec   +            (no cloak)
rCorr   .            (no gloves)
SInv    .            (no boots)
Will    .....        e - amulet of magic regeneration
Stlth   ++           b - ring of positive energy
HPRegen 0.28/turn    (no ring)
MPRegen 0.53/turn

%: no passive effects
@: brilliant, slowed, very slow
A: breathe lightning, AC +6, unfitting armour, electricity resistance,
cold-blooded
a: Breathe Lightning, Renounce Religion


You were on level 5 of the Dungeon.
You worshipped Sif Muna.
Sif Muna was noncommittal.
You visited 2 branches of the dungeon, and saw 6 of its levels.

You collected 277 gold pieces.

Inventory:

Hand Weapons
 i - a +2 dagger of pain (weapon)
Armour
 k - a +2 hat
Jewellery
 b - a ring of positive energy (left hand)
 e - an amulet of magic regeneration (around neck)
 o - an amulet of reflection
Wands
 v - a wand of flame (23)
Scrolls
 j - a scroll of summoning {unknown}
 m - a scroll of amnesia {unknown}
 n - 2 scrolls of poison
 p - a scroll of noise {unknown}
 q - 2 scrolls of teleportation {unknown}
 r - a scroll of enchant weapon {unknown}
 t - a scroll of brand weapon {unknown}
 w - a scroll of revelation {unknown}
 x - a scroll of identify
Potions
 a - a potion of magic
 c - 2 potions of might
 d - 2 potions of curing
 f - 4 potions of haste
 g - 2 potions of invisibility
 h - a potion of heal wounds {unknown}
 l - a potion of brilliance
 s - a potion of mutation {unknown}
 u - 3 potions of degeneration {unknown}


   Skills:
 + Level 4.4 Dodging
 - Level 1.7 Stealth
 + Level 4.5 Spellcasting
 - Level 4.0 Conjurations
 + Level 2.6 Air Magic
 + Level 5.3 Alchemy


You had 2 spell levels left.
You knew the following spells:

 Your Spells              Type           Power      Damage    Failure   Level
a - Sting                 Conj/Alch      100%       1d9       2%          1
b - Mercury Vapours       Alch/Air       52%        N/A       4%          2
c - Mephitic Cloud        Conj/Alch/Air  26%        N/A       9%          3
d - Swiftness             Air            19%        N/A       16%         3
e - Olgreb's Toxic Radia  Alch           33%        N/A       17%         4

Your spell library contained the following spells:

 Spells                   Type           Power      Damage    Failure   Level
 Foxfire                  Conj/Fire      60%        2x1d7     7%          1
 Dazzling Flash           Conj/Hex       30%        N/A       21%         3
 Tukima's Dance           Hex            5%         N/A       41%         3
 Sticky Flame             Fire/Alch      19%        2d6       45%         4
 Yara's Violent Unravell  Hex/Alch       9%         3d6       80%         5
 Passage of Golubria      Tloc           5%         N/A       83%         4
 Silence                  Hex/Air        6%         N/A       94%         5
 Curse of Agony           Necr           5%         N/A       99%         5
 Plasma Beam              Fire/Air       6%         2x1d16    100%        6
 Starburst                Conj/Fire      7%         6d4       100%        6


Dungeon Overview and Level Annotations

Branches:
Dungeon (5/15)             Temple (1/1) D:5

Altars:
Ashenzari
Dithmenos
Fedhas
Gozag
Hepliaklqana
Kikubaaqudgha
Makhleb
Nemelex Xobeh
Okawaru
Qazlal
Ru
Sif Muna
Trog
Uskayaw
Vehumet
Zin
The Shining One

Shops:
D:5 [


Innate Abilities, Weirdness & Mutations

You can breathe wild blasts of lightning.
Your glossy black scales are hard. (AC +6)
You cannot fit into any form of body armour.
You are resistant to electric shocks. (rElec)
You are cold-blooded and may be slowed by cold attacks.


Message History

The ice beast barely misses you.
You hit the ice beast.
The ice beast is lightly wounded.
The ice beast hits you but does no damage.
You completely miss the ice beast.
The ice beast is lightly wounded.
The ice beast hits you but does no damage.
Casting: Sting (safe; 2% risk of failure)
Confirm with . or Enter, or press ? or * to list all spells.
Aiming: Sting (safe; 2% risk of failure)
Press: ? - help, Shift-Dir - straight line, f/p - ice beast
Aim: an ice beast (moderately wounded, poisoned, 74% to hit)
The sting hits the ice beast.
The ice beast looks even sicker.
The ice beast is moderately wounded.
The ice beast closely misses you.
Casting: Sting (safe; 2% risk of failure)
Confirm with . or Enter, or press ? or * to list all spells.
Aiming: Sting (safe; 2% risk of failure)
Press: ? - help, Shift-Dir - straight line, f/p - ice beast
Aim: an ice beast (moderately wounded, very poisoned, 74% to hit)
The sting misses the ice beast.
The ice beast hits you. The ice beast freezes you!
* * * LOW HITPOINT WARNING * * *
The ice beast attacks as it pursues you!
The ice beast hits you.
* * * LOW HITPOINT WARNING * * *
The ice beast freezes you!
You feel yourself slow down.
* * * LOW HITPOINT WARNING * * *
Casting: Sting (safe; 2% risk of failure)
Confirm with . or Enter, or press ? or * to list all spells.
Aiming: Sting (safe; 2% risk of failure)
Press: ? - help, Shift-Dir - straight line, f/p - ice beast
Aim: an ice beast (heavily wounded, very poisoned, 74% to hit)
Okay, then.
It was a potion of brilliance.
You feel clever all of a sudden. The ice beast hits you.
* * * LOW HITPOINT WARNING * * *
The ice beast freezes you!
You die...

# #### ### ### ##. #..##
##.## #.. #.#
#.#.#####...####.# #..
##...#....##.@Y.##. #.#
##..#.#...####.###.# #.#
#.###.....# ##... #.###
##.# ##.# ##.....##...##
#..###..## #..#
##..........###........##
###.##
#....####..........##..#
#...# ##.###
#.....#..####.. ..#.####
..# #....#...# #...
###.... .# #...##..##
#...


You could see an ice beast (poisoned).

Vanquished Creatures
  Duvessa (D:5)
  An ogre (D:4)
  2 phantoms (D:5)
  3 scorpions
  Dowan (D:5)
  A howler monkey (D:5)
  A bombardier beetle (D:4)
  2 hounds (D:5)
  An iguana (D:5)
  An orc wizard (D:3)
  4 gnolls (D:2)
  9 adders
  A shadow imp (D:5)
  2 white imps (D:5)
  A ribbon worm (D:4)
  6 orcs
  4 ball pythons
  6 bats
  7 endoplasms
  3 giant cockroaches
  5 hobgoblins
  4 quokkas
  A frilled lizard (D:3)
  4 goblins
  7 kobolds
  4 rats
82 creatures vanquished.

Vanquished Creatures (others)
  An orc wizard (D:3)
1 creature vanquished.

Grand Total: 83 creatures vanquished

Notes
Turn   | Place    | Note
-------+----------+-------------------------------------------
     0 | D:1      | Rassilon the Draconian Alchemist began the quest for the
                  | Orb.
     0 | D:1      | Reached XP level 1. HP: 14/14 MP: 3/3
   266 | D:1      | Reached XP level 2. HP: 20/20 MP: 3/5
   843 | D:2      | Learned a level 2 spell: Mercury Vapours
   996 | D:2      | Reached XP level 3. HP: 18/26 MP: 6/6
  1375 | D:2      | Reached XP level 4. HP: 11/33 MP: 7/7
  1658 | D:2      | Found a faded altar of an unknown god.
  2222 | D:3      | Identified the +3 ring mail of the Barracuda {rN+ Will+
                  | Stlth-}
  2520 | D:3      | Got the Annotations on Inhalation
  2941 | D:3      | Reached XP level 5. HP: 21/38 MP: 9/9
  3101 | D:4      | Noticed an ogre
  3111 | D:4      | HP: 1/38 [ogre/+0 giant club (15)]
  3128 | D:4      | Killed an ogre
  3129 | D:4      | Reached skill level 4 in Alchemy
  3517 | D:4      | Reached XP level 6. HP: 45/45 MP: 11/11
  4200 | D:4      | Found a broken altar of Ashenzari.
  4427 | D:4      | Found a hazy altar of Hepliaklqana.
  4659 | D:5      | Entered Level 5 of the Dungeon
  4789 | D:5      | Your scales start taking on a glossy black colour.
  4789 | D:5      | Reached XP level 7. HP: 50/50 MP: 12/12
  4789 | D:5      | Gained mutation: You are resistant to electric shocks.
                  | (rElec) [Black Draconian growth]
  4799 | D:5      | Learned a level 3 spell: Mephitic Cloud
  4803 | D:5      | Learned a level 3 spell: Swiftness
  5025 | D:5      | Found a staircase to the Ecumenical Temple.
  5052 | Temple   | Entered the Ecumenical Temple
  5073 | Temple   | Became a worshipper of Sif Muna the Loreminder
  5101 | D:5      | Reached skill level 1 in Air Magic
  5103 | D:5      | Noticed Dowan
  5104 | D:5      | Noticed Duvessa
  5115 | D:5      | Reached skill level 5 in Alchemy
  5126 | D:5      | Killed Duvessa
  5130 | D:5      | Killed Dowan
  5762 | D:5      | Found Zaniust's Antique Armour Shop.
  5893 | D:5      | Learned a level 4 spell: Olgreb's Toxic Radiance
  6047 | D:5      | Noticed a wyvern
  6110 | D:5      | Mangled by an ice beast

Illustrated notes

Levels and vault maps discovered:
D:1:      dpeg_arrival_boxes_within_box, layout_basic, grunt_decor_fettered
D:2:      layout_loops_cross, ebering_ecumenical_altar_hall,
          serial_co_window_serial, co_window_cross_1, co_window_paths_b,
          co_window_of_opportunity_a, co_window_paths_b, co_window_paths_a,
          co_window_broadway_c, co_window_corner_b, co_window_broadway_a,
          co_window_2corner, co_window_2corner, co_window_corner_cb,
          co_window_paths_d, glass_columns_a, glass_columns_b, glass_columns_b,
          minmay_misc_feat_five, corexii_leaking_fountain
D:3:      layout_loops_ring, grunt_ministairs_10
D:4:      layout_layer_cave, nicolae_ashenzari_panopticon,
          worldfamousw_hep_ancestral_shrine
D:5:      layout_layer_cave, minmay_temple_entry_grid, serial_shops,
          shop_fountains, grunt_decor_one_mirror, lightli_corner_chamber,
          uniq_duvessa
Temple:   regret_index_temple_waves

Skill      XL: |  1  2  3  4  5  6  7 |
---------------+----------------------+-----
Dodging        | 2 3 4 |  4.4
Conjurations   | 2 3 4 |  4.0
Spellcasting   | 3 4 |  4.5
Alchemy        | 4 5 |  5.3
Air Magic      | 2 |  2.6
Stealth        | |  1.7

Action                     |  1- 3 |  4- 6 |  7- 9 || total
---------------------------+-------+-------+-------++-------
  Melee: Unarmed           |    36 |       |       ||    36
         Tailslap          |     6 |    15 |     9 ||    30
         Punch             |     2 |     1 |     2 ||     5
         Dagger            |    20 |   110 |    82 ||   212
   Cast: Sting             |    33 |    50 |    22 ||   105
         Mercury Vapours   |       |     3 |       ||     3
         Mephitic Cloud    |       |       |     2 ||     2
    Use: Potion            |       |     1 |     1 ||     2
         Scroll            |       |       |     4 ||     4
   Stab: Sleeping          |     1 |     2 |       ||     3
         Confused          |       |       |     5 ||     5
 Armour: Skin              |    34 |    71 |    63 ||   168
  Dodge: Dodged            |    46 |    75 |    52 ||   173
